 Dungeon Crawl Stone Soup version 0.23.0 (webtiles) character file.

Game seed: 4421874211469304404

359 Monsterracer the Firebug (level 6, -3/45 HPs)
             Began as a Draconian Fire Elementalist on Feb 9, 2019.
             Was an Initiate of Sif Muna.
             Killed from afar by Dowan (7 damage)
             ... with a puff of flame
             ... on level 4 of the Dungeon.
             The game lasted 00:08:26 (4608 turns).

Monsterracer the Firebug (DrFE)                     Turns: 4608, Time: 00:08:27

Health: -3/45      AC:  6    Str: 10    XL:     6   Next: 37%
Magic:  4/10       EV: 12    Int: 17    God:    Sif Muna [......]
Gold:   214        SH:  0    Dex: 12    Spells: 3/11 levels left

rFire    . . .     SeeInvis .   a - +10 club
rCold    . . .     Gourm    .   (no shield)
rNeg     . . .     Faith    .   (armour unavailable)
rPois    .         Spirit   .   (helmet restricted)
rElec    .         Reflect  .   (no cloak)
rCorr    .         Harm     .   (no gloves)
MR       .....                  (no boots)
Stlth    ++........             (no amulet)
HPRegen  0.15/turn              (no ring)
MPRegen  0.12/turn              (no ring)

@: very slightly contaminated, slowed, lightly drained, very slow
A: unfitting armour, cold-blooded, AC +6
a: Renounce Religion


You were on level 4 of the Dungeon.
You worshipped Sif Muna.
Sif Muna was noncommittal.
You were near starving.

You visited 1 branch of the dungeon, and saw 4 of its levels.

You collected 214 gold pieces.

Inventory:

Hand Weapons
 a - a +10 club (weapon)
Scrolls
 d - 2 scrolls of blinking {unknown}
 f - 5 scrolls of identify {unknown}
 h - a scroll of fog {unknown}
 l - a scroll of remove curse {unknown}
 m - 3 scrolls of fear {unknown}
Potions
 b - a potion of cancellation
 e - 2 potions of magic {unknown}
 g - a potion of brilliance {unknown}
 j - a potion of curing {unknown}
 k - a potion of lignification
Comestibles
 c - 8 rations


   Skills:
 - Level 1.7(1.4) Dodging
 - Level 1.7(1.4) Stealth
 + Level 3.2(2.9) Spellcasting
 * Level 4.1(3.8) Conjurations
 * Level 5.1(4.8) Fire Magic


You had 3 spell levels left.
You knew the following spells:

 Your Spells              Type           Power        Failure   Level  Hunger
a - Flame Tongue          Conj/Fire      ###..        3%          1    #......
b - Conjure Flame         Conj/Fire      ###.....     9%          3    ###....
c - Sticky Flame          Conj/Fire      ###.....     30%         4    #####..

Your spell library contained the following spells:

 Spells                   Type           Power        Failure   Level  Hunger
 Throw Flame              Conj/Fire      ###...       4%          2    ##.....
 Inner Flame              Hex/Fire       ##......     21%         3    ###....
 Fireball                 Conj/Fire      ###.......   63%         5    ######.


Dungeon Overview and Level Annotations

Branches:
Dungeon (4/15)
 Temple: D:4-7

Altars:
Gozag
Okawaru
Sif Muna

Annotations:
D:3 3 runed translucent doors, Borgoz's ghost, amateur GrGl; Terandir's ghost, amateur MiFi; Tungsten's ghost, novice OpEn
D:4 Dowan; Duvessa


Innate Abilities, Weirdness & Mutations

Your plain brown scales are hard. (AC +6)
You cannot fit into any form of body armour.
You are cold-blooded and may be slowed by cold attacks.


Message History

Aiming: Sticky Flame (quite dangerous; 26% risk of failure)
Press: ? - help, Shift-Dir - straight line, f - Eustachio
Aim: Eustachio, wielding a +3 rapier of draining and wearing a +0 leather armour You miscast Sticky Flame.
You are very lightly contaminated with residual magic.
You smell smoke.
Eustachio hits you with a +3 rapier of draining!
You feel drained.
You take 7 damage, and have 34/45 hp.
You now have 1/10 mp.
Press: ? - help, v - describe, . - travel
Here: Eustachio, wielding a +3 rapier of draining and wearing a +0 leather armour The floor.
Eustachio growls, "To hell with you, honourless miscreant!"
Eustachio gestures wildly while chanting.
Eustachio blinks!
Eustachio falls through a shaft!
The shaft crumbles and collapses.
Drop what? 13/52 slots (_ for help) (? for menu, Esc to quit)
You drop a +4 rapier.
You are feeling very hungry.
Your magical contamination has completely faded away.
Magic restored.
You open the door.
There is an open door here.
c - 8 rations (gained 1)
Found 26 bolts.
Health restored: 45; MP restored: 10 You see here 26 bolts.
You now have 214 gold pieces (gained 12).
Duvessa and Dowan come into view.
Duvessa is wielding a +4 short sword of freezing.
Dowan shouts!
Dowan moves out of view.
Duvessa is nearby!
Casting: Sticky Flame (quite dangerous; 30% risk of failure)
Confirm with . or Enter, or press ? or * to list all spells.
Aiming: Sticky Flame (quite dangerous; 30% risk of failure)
Press: ? - help, Shift-Dir - straight line, f - Duvessa
Aim: Duvessa, wielding a +4 short sword of freezing and wearing a +0 chain mail The sticky flame hits Duvessa but does no damage.
Duvessa is covered in liquid flames!
You are near starving!
Duvessa burns!
Duvessa closely misses you.
You now have 6/10 mp.
Duvessa burns!
Duvessa burns!
Duvessa burns!
Duvessa stops burning.
Duvessa says, "Where magic fails, the sword succeeds!"
Casting: Sticky Flame (quite dangerous; 30% risk of failure)
Confirm with . or Enter, or press ? or * to list all spells.
Aiming: Sticky Flame (quite dangerous; 30% risk of failure)
Press: ? - help, Shift-Dir - straight line, f/p - Duvessa
Aim: Duvessa, wielding a +4 short sword of freezing and wearing a +0 chain mail (moderately wounded)
You miscast Sticky Flame.
You are very lightly contaminated with residual magic.
You feel uncomfortably hot.
Duvessa hits you with a +4 short sword of freezing!
Duvessa freezes you.
You take 10 damage, and have 35/45 hp.
MASSIVE DAMAGE!!
You now have 3/10 mp.
You hit Duvessa but do no damage.
Duvessa is moderately wounded.
Dowan casts a spell.
Dowan blinks!
Duvessa barely misses you. Dowan hits you but does no damage.
Duvessa hits you with a +4 short sword of freezing!
* * * LOW HITPOINT WARNING * * *
You feel yourself slow down. Duvessa freezes you.
* * * LOW HITPOINT WARNING * * *
You take 18 damage, and have 17/45 hp.
MASSIVE DAMAGE!!
Unknown command.
Dowan smirks and points a slender finger.
Dowan gestures at you while chanting. The puff of flame misses you.
You feel yourself speed up.
Dowan mumbles some strange words.
Dowan blinks!
Duvessa misses you. Duvessa says, "Did you see that move?
Perfect!"
Duvessa hits you with a +4 short sword of freezing.
* * * LOW HITPOINT WARNING * * *
You feel yourself slow down. Duvessa freezes you.
* * * LOW HITPOINT WARNING * * *
You take 7 damage, and have 11/45 hp.
Unknown command.
You feel yourself speed up.
Duvessa hits you with a +4 short sword of freezing.
* * * LOW HITPOINT WARNING * * *
You feel yourself slow down. Duvessa freezes you.
* * * LOW HITPOINT WARNING * * *
Duvessa barely misses you.
You take 3 damage, and have 8/45 hp.
Unknown command.
Duvessa hits you with a +4 short sword of freezing.
* * * LOW HITPOINT WARNING * * *
You feel as though you will be slow longer.
Duvessa freezes you.
* * * LOW HITPOINT WARNING * * *
Dowan points at you and mumbles some strange words.
The puff of flame hits you!
You die...

##... ##### ##
######(... e#
#...##.##. ####
.# ####.#.##.##.
#..##.#
#....#....##.
#.e.e.#
#.##########.
#.###### #.#
#....... #.#e.@e#
#.####.######
#.##.#.###......#
#....#.....######
##########.#
#....# #.#### #.#
#.# #.#


You could see Duvessa and Dowan.

Vanquished Creatures
  A hound (D:4)
  Jessica (D:2)
  Terence (D:3)
  Natasha (thrice) (D:2)
  2 orc wizards (D:4)
  A hound skeleton (D:4)
  Robin (D:3)
  4 adders
  An ooze (D:3)
  2 worms (D:2)
  10 orcs
  6 bats
  A giant cockroach (D:3)
  14 goblins
  5 hobgoblins
  8 jackals
  9 kobolds
  A quokka (D:3)
  2 frilled lizards
  7 rats
80 creatures vanquished.

Notes
Turn   | Place    | Note
-------+----------+-------------------------------------------
     0 | D:1      | Monsterracer the Draconian Fire Elementalist began the
                  | quest for the Orb.
     0 | D:1      | Reached XP level 1. HP: 14/14 MP: 3/3
   280 | D:1      | Reached XP level 2. HP: 20/20 MP: 3/5
  1197 | D:2      | Reached XP level 3. HP: 26/26 MP: 0/6
  1213 | D:2      | Learned a level 3 spell: Conjure Flame
  1457 | D:2      | HP: 13/26 [poisoned by an adder]
  1463 | D:2      | HP: 10/26 [poisoned by an adder]
  1469 | D:2      | HP: 9/26 [poisoned by an adder]
  1477 | D:2      | HP: 7/26 [poisoned by an adder]
  1805 | D:2      | Noticed Jessica
  1811 | D:2      | Killed Jessica
  1811 | D:2      | Reached XP level 4. HP: 23/33 MP: 0/7
  2011 | D:2      | Found a deep blue altar of Sif Muna.
  2011 | D:2      | Noticed Natasha
  2016 | D:2      | Killed Natasha
  2016 | D:2      | Reached skill level 4 in Fire Magic
  2022 | D:2      | Became a worshipper of Sif Muna the Loreminder
  2049 | D:2      | Noticed Natasha
  2055 | D:2      | Killed Natasha
  2175 | D:2      | Found a deep blue altar of Sif Muna.
  2292 | D:2      | Noticed Natasha
  2298 | D:2      | Killed Natasha
  2298 | D:2      | Reached XP level 5. HP: 35/38 MP: 4/9
  2451 | D:3      | Learned a level 4 spell: Sticky Flame
  2954 | D:3      | Noticed Robin
  2974 | D:3      | Killed Robin
  2985 | D:3      | HP: 13/38 [orc/+0 flail (8)]
  2995 | D:3      | HP: 11/38 [goblin/stone[Robin] (3)]
  3000 | D:3      | HP: 10/38 [goblin/stone[Robin] (1)]
  3016 | D:3      | HP: 11/38 [goblin[Robin] (1)]
  3383 | D:3      | Found a runed translucent gate.
  3383 | D:3      | Found a runed translucent gate.
  3383 | D:3      | Found a runed translucent gate.
  3387 | D:3      | Noticed Terandir's ghost (amateur MiFi)
  3387 | D:3      | Noticed Tungsten's ghost (novice OpEn)
  3388 | D:3      | Noticed Borgoz's ghost (amateur GrGl)
  3444 | D:3      | Found an iron altar of Okawaru.
  3444 | D:3      | Found an opulent altar of Gozag.
  3819 | D:3      | Noticed Terence
  3839 | D:3      | Killed Terence
  4096 | D:4      | Reached XP level 6. HP: 45/45 MP: 8/10
  4143 | D:4      | HP: 21/45 [orc wizard/+0 dagger (5)]
  4156 | D:4      | HP: 28/67 [something/puff of flame (4)]
  4172 | D:4      | Reached skill level 5 in Fire Magic
  4435 | D:4      | Noticed Eustachio
  4590 | D:4      | Noticed Duvessa
  4590 | D:4      | Noticed Dowan
  4601 | D:4      | HP: 22/45 [Duvessa/+4 short sword of freezing (13)]
  4607 | D:4      | HP: 9/45 [Duvessa/+4 short sword of freezing (3)]
  4608 | D:4      | HP: 4/45 [Duvessa/+4 short sword of freezing (1)]
  4608 | D:4      | Killed from afar by Dowan

Skill      XL: |  1  2  3  4  5  6 |
---------------+-------------------+-----
Conjurations   | 2 3 4 |  4.1
Fire Magic     | 4 5 |  5.1
Spellcasting   | 3 |  3.2
Dodging        | |  1.7
Stealth        | |  1.7

Action                   |  1- 3 |  4- 6 || total
-------------------------+-------+-------++-------
Melee: Unarmed           |     2 |    17 ||    19
       Dagger            |     4 |       ||     4
       Tailslap          |     3 |     5 ||     8
       Rapier            |     1 |    44 ||    45
       Club              |       |    16 ||    16
 Cast: Flame Tongue      |    54 |    88 ||   142
       Conjure Flame     |       |     1 ||     1
       Sticky Flame      |       |     1 ||     1
  Use: Potion            |       |     2 ||     2
  Eat: Chunk             |     2 |     6 ||     8
       Ration            |       |     1 ||     1
Armor: Skin              |     8 |    64 ||    72
Dodge: Dodged            |    17 |    77 ||    94

Levels and vault maps discovered:
D:1:      dpeg_cavernosity, layout_basic
D:2:      layout_rooms, led_sif_pool, serial_curves, eino_curves_01,
          eino_curves_02, uniq_jessica, uniq_natasha
D:3:      layout_basic, gammafunk_temple_overflow_elements,
          gammafunk_ghost_cemetery, uniq_robin, uniq_terence
D:4:      layout_basic, first_ration, minmay_fire_ice_demons, uniq_eustachio,
          uniq_sigmund, uniq_duvessa
